 Dungeon Sprint DCSS version 0.30-a0-304-gdc4b735fe1 (webtiles) character file.

Game seed: 7971853780451278272

7558 rocky1 the Nimble (level 11, -7/85 HPs)
             Began as a Djinni Fire Elementalist on Oct 21, 2022.
             Was an Initiate of Gozag.
             Mangled by Urug
             ... wielding a +1 vorpal eveningstar
              (9 damage)
             ... in the Dungeon (Sprint III: "The Ten Rune Challenge").
             The game lasted 00:12:33 (2777 turns).

rocky1 the Nimble (Djinni Fire Elementalist)        Turns: 2777, Time: 00:12:34

Health: -7/85      AC:  6    Str: 10    XL:     11   Next: 39%
Gold:   2888       EV: 16    Int: 25    God:    Gozag SH:  0 Dex: 16

rFire   + + +      SeeInvis .    n - +0 long sword (holy)
rCold   x . .      Faith    .    (no shield)
rNeg    . . .      Spirit   .    o - +0 ring mail
rPois   ∞          Reflect  .    (no helmet)
rElec   .          Harm     .    (no cloak)
rCorr   .          Rampage  .    (no gloves)
Will    +....      NoTele   +    (boots unavailable)
Stlth   ++++......               (no amulet)
HPRegen 0.34/turn                s - ring "Iroheuc" {rF+ Str+3 Int+6 Slay+3}
MPRegen 0.00/turn                (no ring)

@: flying
A: sickness immunity, fire resistance 2, cold vulnerability 1, float, innate
caster, HP casting, extra vitality 1
a: Renounce Religion, Potion Petition, Call Merchant, Bribe Branch


You were in the Dungeon.
You worshipped Gozag.
Gozag was most pleased with you.
You visited 1 branch You collected 6628 gold pieces.
You spent 1577 gold pieces at shops.
You paid 2163 gold pieces to Gozag.

Inventory:

Hand Weapons
 n - a +0 long sword of holy wrath (weapon)
Armour
 a - a +0 robe
 o - a +0 ring mail (worn)
 p - a +0 robe of willpower
Jewellery
 s - the ring "Iroheuc" (left hand) {rF+ Str+3 Int+6 Slay+3}
   (You bought it in a shop in the Dungeon)

   [ring of intelligence]

   Str:       It affects your strength (+3).
   Int:       It affects your intelligence (+6).
   Slay:      It affects your accuracy & damage with ranged weapons and melee
   (+3).
   rF:        It protects you from fire.
Wands
 h - a wand of paralysis (6)
Scrolls
 e - a scroll of fear {unknown}
 f - a scroll of blinking
 g - a scroll of immolation
 j - a scroll of poison {unknown}
 k - a scroll of silence {unknown}
 r - a scroll of vulnerability {unknown}
Potions
 b - 4 potions of curing
 d - 3 potions of haste
 i - a potion of attraction
 l - a potion of degeneration {unknown}
 m - 4 potions of mutation
 q - a potion of brilliance {unknown}
Miscellaneous
 c - a lightning rod (4/4)


   Skills:
 + Level 9.8 Fighting
 + Level 7.3 Long Blades
 + Level 8.1 Armour
 + Level 11.6 Dodging
 + Level 9.7 Stealth
 + Level 11.4 Spellcasting
 + Level 9.5 Evocations


You had 4 spell levels left.
You knew the following spells:

 Your Spells              Type           Power      Damage    Failure   Level
a - Foxfire               Conj/Fire      100%       2x1d9     1%          1
b - Scorch                Fire           100%       2d10      1%          2
c - Kindle Blastsparks    Fire/Tloc/Air  100%       2d18      1%          3
d - Inner Flame           Hex/Fire       64%        N/A       1%          3
e - Flame Wave            Conj/Fire      64%        2d15      1%          4
f - Shock                 Conj/Air       100%       1d9       1%          1
g - Blink                 Tloc           100%       N/A       1%          2
h - Teleport Other        Tloc           64%        N/A       1%          3
i - Iskenderun's Mystic   Conj/Tloc      64%        2d13      1%          4
j - Summon Mana Viper     Hex/Summ       64%        N/A       2%          5
Your spell library was empty.

Dungeon Overview and Level Annotations

Branches:
Dungeon (1/1)

Altars:
Cheibriados
Dithmenos
Elyvilon
Fedhas
Gozag
Hepliaklqana
Makhleb
Nemelex Xobeh
Okawaru
Qazlal
Ru
Trog
Uskayaw
Wu Jian
Xom
Yredelemnul
Zin
The Shining One
Jiyva
Lugonu

Shops:
D *=

Annotations:
D Urug


Innate Abilities, Weirdness & Mutations

You are immune to sickness and miasma.
You are immune to poison.
Your flesh is very heat resistant. (rF++)
You are vulnerable to cold. (rC-)
You float through the air rather than walking.
You learn spells naturally, not from books.
Your magical power is your life essence.
You have superior vitality. (+4 MHP)


Message History

Confirm with . or Enter, or press ? or * to list all spells.
Flames lash the redback.
The redback is burned terribly!
You kill the redback!
* * * LOW HITPOINT WARNING * * *
Unknown command.
Unknown command.
You start resting.
HP restored.
You now have 2861 gold pieces (gained 153).
You now have 2888 gold pieces (gained 27).
Urug the Orcish Ballista comes into view.
She is wielding a +1 vorpal eveningstar.
Casting: Scorch (safe; 1% risk of failure)
Confirm with . or Enter, or press ? or * to list all spells.
Flames lash Urug.
Urug shouts!
Urug is lightly wounded.
Urug's fire resistance burns away.
Casting: Scorch (safe; 1% risk of failure)
Confirm with . or Enter, or press ? or * to list all spells.
Flames lash Urug.
Urug is burned terribly!
Urug is moderately wounded.
Urug hits you with a +1 vorpal eveningstar!!
Casting: Scorch (safe; 1% risk of failure)
Confirm with . or Enter, or press ? or * to list all spells.
Flames lash Urug.
Urug is burned terribly!
Urug is moderately wounded.
Urug hits you with a +1 vorpal eveningstar.
Casting: Scorch (safe; 1% risk of failure)
Confirm with . or Enter, or press ? or * to list all spells.
Flames lash Urug.
Urug is burned terribly!
Urug is heavily wounded.
Urug hits you with a +1 vorpal eveningstar!
Casting: Scorch (safe; 1% risk of failure)
Confirm with . or Enter, or press ? or * to list all spells.
Flames lash Urug.
Urug is burned terribly!
Urug is almost dead.
Urug hits you with a +1 vorpal eveningstar!!
* * * LOW HITPOINT WARNING * * *
You die...
Your body crumbles into a pile of gold.

▓▓▓▓▓▓▓▓▓▓▓▓▓▓▓▓▓▓▓▓▓▓▓▓▓▓▓▓▓▓#.#
♣♣~~~........~~~...##.
+♣♣'♣≈≈≈≈≈≈≈≈≈≈≈≈♣♣P.'.#
#.~♣♣♣♣♣♣♣♣♣♣♣♣♣♣♣♣PP##. #..♣♣
♣♣♣##+ ###'♣♣♣♣♣ ♣♣♣♣.##..## $
♣...##.##.# $ ♣♣.##.##@##
♣..#.##.o.# ♣♣.##.##..# ♣♣.##.#
### ♣.....# #######


You could see Urug (combustible).

Vanquished Creatures
  Josephine (D)
  A centaur warrior (D)
  A deep elf pyromancer (D)
  A lindwurm (D)
  2 cane toads (D)
  An unseen horror (D)
  A komodo dragon (D)
  A queen bee (D)
  3 wandering mushrooms (D)
  2 tyrant leeches (D)
  A shadow (D)
  3 redbacks (D)
  3 orc warriors (D)
  2 centaurs (D)
  An earth elemental (D)
  A water elemental (D)
  A necrophage (D)
  32 killer bees (D)
  A jelly (D)
  2 orc priests (D)
  A necromancer (D)
  A wizard (D)
  2 orc wizards (D)
  3 humans (D)
  A kobold demonologist (D)
  A wolf (D)
  11 orcs (D)
  An endoplasm (D)
  3 rats (D)
85 creatures vanquished.

Vanquished Creatures (others)
  45 foxfires (D)
45 creatures vanquished.

Grand Total: 130 creatures vanquished

Notes
Turn   | Place    | Note
-------+----------+-------------------------------------------
     0 | D        | rocky1 the Djinni Fire Elementalist began the quest for the
                  | Orb.
     0 | D        | rocky1 set off with the following spells memorised:
                  | Foxfire, Scorch, Kindle Blastsparks, Inner Flame, Flame
                  | Wave.
     0 | D        | Reached XP level 1. HP: 15/15 MP: 0/0
    94 | D        | Reached XP level 2. HP: 2/21 MP: 0/0
    94 | D        | Reached XP level 3. HP: 2/25 MP: 0/0
    94 | D        | Learned a level 1 spell: Shock
   388 | D        | Noticed a water elemental
   390 | D        | Killed a water elemental
   391 | D        | Reached XP level 4. HP: 27/31 MP: 0/0
   420 | D        | Reached XP level 5. HP: 32/36 MP: 0/0
   420 | D        | Learned a level 2 spell: Blink
   420 | D        | Noticed a shadow
   423 | D        | Killed a shadow
   424 | D        | Reached skill level 1 in Fighting
   424 | D        | Reached skill level 5 in Dodging
   424 | D        | Reached XP level 6. HP: 18/42 MP: 0/0
   517 | D        | Found a blossoming altar of Fedhas.
   517 | D        | Found a stormy altar of Qazlal.
   517 | D        | Found a snail-covered altar of Cheibriados.
   517 | D        | Found a burning altar of Makhleb.
   517 | D        | Found a shimmering altar of Xom.
   518 | D        | Found a hazy altar of Hepliaklqana.
   518 | D        | Found an opulent altar of Gozag.
   518 | D        | Found a sparkling altar of Nemelex Xobeh.
   518 | D        | Found a corrupted altar of Lugonu.
   518 | D        | Found a viscous altar of Jiyva.
   518 | D        | Noticed a spatial vortex
   523 | D        | Became a worshipper of Gozag Ym Sagoz the Greedy
   542 | D        | Found a basalt altar of Yredelemnul.
   542 | D        | Found a shadowy altar of Dithmenos.
   542 | D        | Found a sacrificial altar of Ru.
   545 | D        | Reached skill level 1 in Evocations
   564 | D        | Found a glowing silver altar of Zin.
   564 | D        | Found a glowing golden altar of the Shining One.
   564 | D        | Found a white marble altar of Elyvilon.
   564 | D        | Noticed a deep elf pyromancer
   569 | D        | Killed a deep elf pyromancer
   570 | D        | Reached skill level 5 in Fighting
   570 | D        | Reached XP level 7. HP: 35/54 MP: 0/0
   570 | D        | Learned a level 3 spell: Teleport Other
   570 | D        | Reached XP level 8. HP: 39/59 MP: 0/0
   657 | D        | Noticed a red devil
   677 | D        | Found a hide-covered altar of Uskayaw.
   677 | D        | Found an iron altar of Okawaru.
   677 | D        | Found a bloodstained altar of Trog.
   677 | D        | Found an ornate altar of the Wu Jian Council.
   677 | D        | Noticed a human
   677 | D        | Noticed a human
   687 | D        | Killed a human
   688 | D        | Reached skill level 1 in Long Blades
   688 | D        | Reached skill level 1 in Armour
   688 | D        | Reached skill level 5 in Evocations
   689 | D        | Killed a human
   871 | D        | Noticed Josephine
   885 | D        | Killed Josephine
   886 | D        | Reached skill level 10 in Spellcasting
   886 | D        | Reached XP level 9. HP: 36/67 MP: 0/0
   886 | D        | Learned a level 4 spell: Iskenderun's Mystic Blast
  1126 | D        | Found Gim Nucwaun's Assorted Antiques.
  1190 | D        | Bought a potion of curing for 78 gold pieces
  1190 | D        | Bought a scroll labelled SOUH RERPHISHUS for 26 gold pieces
  1190 | D        | Bought a ruby potion for 23 gold pieces
  1190 | D        | Bought a scroll labelled UQAGASKIRCH for 26 gold pieces
  1190 | D        | Bought a potion of curing for 78 gold pieces
  1190 | D        | Bought 2 potions of haste for 520 gold pieces
  1273 | D        | Noticed a centaur warrior
  1291 | D        | Killed a centaur warrior
  1292 | D        | Reached skill level 5 in Armour
  1292 | D        | Reached XP level 10. HP: 28/76 MP: 0/0
  1610 | D        | Bought the ring "Iroheuc" {rF+ Str+3 Int+6 Slay+3} for 826
                  | gold pieces
  1737 | D        | Killed an unseen horror
  1738 | D        | Reached skill level 5 in Long Blades
  1876 | D        | Reached skill level 10 in Dodging
  2060 | D        | Reached XP level 11. HP: 64/84 MP: 0/0
  2060 | D        | Learned a level 5 spell: Summon Mana Viper
  2522 | D        | Noticed a lindwurm
  2536 | D        | Killed a lindwurm
  2772 | D        | Noticed Urug
  2777 | D        | HP: 2/85 [Urug/+1 vorpal eveningstar (25)]
  2777 | D        | Mangled by Urug

Illustrated notes

Levels and vault maps discovered:
D:        dungeon_sprint_mu [sprint_mu_entry_cave, sprint_mu_temple_rooms,
          sprint_mu_d1_horrors, sprint_mu_d2_genie, sprint_mu_d3_branching,
          sprint_mu_orc_legion, sprint_mu_elf_gauntlet, sprint_mu_hive_nellie,
          sprint_mu_lair_fedhas, sprint_mu_vaults_butterflies,
          sprint_mu_slime_circle, sprint_mu_swamp_cave, sprint_mu_snake_twists,
          sprint_mu_blade_basic, sprint_mu_crypt_chambers,
          sprint_mu_tomb_spiral, sprint_mu_vestibule_basic,
          sprint_mu_gehenna_hellfire, sprint_mu_dis_giant,
          sprint_mu_tartarus_statrot, sprint_mu_cocytus_islands, sprint_mu_zot1]

Skill      XL: |  1  2  3  4  5  6  7  8  9 10 11 |
---------------+----------------------------------+-----
Spellcasting   | 4 6 8 9 10 11 | 11.4
Dodging        | 3 4 5 7 8 9 10 11 | 11.6
Stealth        | 2 3 6 7 9 |  9.7
Fighting       | 1 5 6 7 9 |  9.8
Evocations     | 4 6 7 8 9 |  9.5
Long Blades    | 3 4 6 7 |  7.3
Armour         | 3 5 7 8 |  8.1

Action                   |  1- 3 |  4- 6 |  7- 9 | 10-12 || total
-------------------------+-------+-------+-------+-------++-------
Melee: Unarmed           |       |     1 |       |       ||     1
       Long sword        |       |       |    14 |    20 ||    34
       Punch             |       |       |       |     1 ||     1
 Cast: Foxfire           |    17 |     5 |     2 |     4 ||    28
       Scorch            |     4 |    11 |    37 |    61 ||   113
       Flame Wave        |       |       |       |     6 ||     6
       Iskenderun's Myst |       |       |       |     2 ||     2
       Summon Mana Viper |       |       |       |     1 ||     1
Invok: Potion Petition   |       |       |     3 |     2 ||     5
       Call Merchant     |       |       |       |     1 ||     1
Evoke: Lightning rod     |       |       |     4 |       ||     4
  Use: Scroll            |     2 |       |       |       ||     2
       Potion            |       |     1 |     1 |       ||     2
 Stab: Sleeping          |       |       |       |     1 ||     1
Armor: Robe              |     2 |       |       |       ||     2
       Ring mail         |       |       |     6 |    14 ||    20
Dodge: Dodged            |     4 |     2 |    25 |    40 ||    71

Table legend: (Time is in decaauts)
 A = Elapsed time spent in this place.
 B = Non-inter-level travel time spent in this place.
 C = Inter-level travel time spent in this place.
 D = Time resting spent in this place.
 E = Time spent auto-exploring this place.
 F = Levels seen in this place.
 G = Mean time per level.
                   A        B        C        D        E       F      G
               +--------+--------+--------+--------+--------+-----+--------+
         Total |   2775 |   2775 |      0 |   2050 |     24 |   1 | 2775.0 |
       Dungeon |   2775 |   2775 |      0 |   2050 |     24 |   1 | 2775.0 |
               +--------+--------+--------+--------+--------+-----+--------+

Top non-repeatable levels by time:
       D: 2775 daAuts
